 Dungeon Sprint DCSS version 0.24.0-35-gdb84b6a5db (webtiles) character file.

Game seed: 8954772046310273424, levelgen mode: deterministic

2 Groucho the Grave Robber (level 1, 0/14 HPs)
             Began as a Halfling Wanderer on Nov 18, 2019.
             Was an Initiate of Qazlal.
             Slain by a fire elemental (8 damage)
             ... in the Dungeon (Sprint V: "Ziggurat Sprint").
             The game lasted 00:01:51 (212 turns).

Groucho the Grave Robber (Halfling Wanderer)         Turns: 212, Time: 00:01:52

Health: 0/14       AC: 25    Str: 24    XL:     1   Next: 44%
Magic:  1/1        EV:  0    Int: 11    God:    Qazlal [......]
Gold:   0          SH: 27    Dex: 13    Spells: 0/0 levels left

rFire    . . .     SeeInvis .   m - +6 shillelagh "Devastator" {shatter}
rCold    . . .     Gourm    .   e - +18 shield of the Gong {rElec rN+ MR+ EV-5}
rNeg     + . .     Faith    .   c - +15 Maxwell's patent armour {-Cast -Tele rElec MR+ rCorr}
rPois    .         Spirit   .   (no helmet)
rElec    +         Reflect  .   (no cloak)
rCorr    +         Harm     .   (no gloves)
MR       ++...     NoTele   +   (no boots) Stlth ..........NoCast +
                                (no amulet)
HPRegen  0.04/turn              s - +6 ring of strength
MPRegen  0.07/turn              t - +6 ring of strength

@: no status effects
A: small, mutation resistance 1
a: Renounce Religion


You were in the Dungeon.
You worshipped Qazlal.
Qazlal was noncommittal.
You were not hungry.

You visited 1 branch

Inventory:

Hand Weapons
 m - the +6 shillelagh "Devastator" (weapon) {shatter}
   (You found it in the Dungeon)
 I - a +5 fustibalus
Missiles
 J - 1000 sling bullets
Armour
 a - +5 gold dragon scales
 c - the +15 Maxwell's patent armour (worn) {-Cast -Tele rElec MR+ rCorr}
   (You found it in the Dungeon)

   It insulates you from electricity.
   It affects your resistance to hostile enchantments.
   It prevents spellcasting.
   It prevents most forms of teleportation.
   It provides partial protection from all sources of acid and corrosion.
 e - the +18 shield of the Gong (worn) {rElec rN+ MR+ EV-5}
   (You found it in the Dungeon)

   It affects your evasion (-5).
   It insulates you from electricity.
   It protects you from negative energy.
   It affects your resistance to hostile enchantments.
Jewellery
 n - an uncursed ring of flight
 o - a +6 ring of dexterity
 p - a +6 ring of dexterity
 q - a +6 ring of intelligence
 r - a +6 ring of intelligence
 s - a +6 ring of strength (left hand)
 t - a +6 ring of strength (right hand)
Wands
 u - a wand of disintegration (7)
 v - a wand of iceblast (7)
 w - a wand of acid (7)
Scrolls
 b - 3 scrolls of fear
 l - 4 scrolls of blinking
 y - 4 scrolls of amnesia
 E - 7 scrolls of fog
 F - a scroll of holy word
 G - 5 scrolls of identify
 H - 5 scrolls of remove curse
Potions
 d - a potion of lignification
 g - 10 potions of curing
 h - 10 potions of heal wounds
 i - 6 potions of haste
 j - 7 potions of magic
 k - 3 potions of berserk rage
 x - 2 potions of brilliance
 z - 2 potions of invisibility
 A - 4 potions of resistance
 B - a potion of experience
 C - 5 potions of agility
 D - 5 potions of might
Comestibles
 f - 7 rations


   Skills:
 + Level 2.1 Fighting
   Level 1.0 Long Blades
 + Level 1.4(1.8) Slings
 - Level 1.0(1.1) Throwing
 + Level 1.0 Armour
 - Level 2.1 Stealth
 + Level 1.0 Shields
   Level 2.4 Necromancy
 + Level 1.0 Invocations
 - Level 1.0 Evocations


You couldn't memorise any spells.
You didn't know any spells.
Your spell library contained the following spells:

 Spells                   Type           Power        Failure   Level  Hunger
 Corona                   Hex            #......      100%        1    ##.....
 Slow                     Hex            #.......     100%        2    ###....
 Confuse                  Hex            #.......     100%        3    ####...
 Summon Guardian Golem    Hex/Summ       #.......     100%        3    ####...
 Leda's Liquefaction      Hex/Erth       #.........   100%        4    #####..
 Silence                  Hex/Air        #.........   100%        5    ######.


Dungeon Overview and Level Annotations

Branches:
Dungeon (1/1)

Altars:
Ashenzari
Cheibriados
Dithmenos
Elyvilon
Fedhas
Gozag
Hepliaklqana
Kikubaaqudgha
Makhleb
Nemelex Xobeh
Okawaru
Qazlal
Ru
Sif Muna
Trog
Uskayaw
Vehumet
Wu Jian
Xom
Yredelemnul
Zin
The Shining One
Beogh
Jiyva
Lugonu

Annotations:
D 1 transporter


Innate Abilities, Weirdness & Mutations

You are small and have problems with some larger weapons.
You are somewhat resistant to further mutation.


Message History

PTOANNNG!
You block the fire elemental's attack.
BONNNG!
The hell hound bites you but does no damage.
You barely miss the fire elemental. You block the hell hound's attack.
GONNNNG!
The fire elemental hits you. The fire elemental burns you!
You block the fire elemental's attack.
BONNNG!
You block the hell hound's attack.
GONNNNG!
You block the fire elemental's attack.
SHROANNG!
You barely miss the hell hound. You block the fire elemental's attack.
GONNNNG!
You block the hell hound's attack.
SHROANNG!
The fire elemental hits you. The fire elemental burns you!
Ouch! That really hurt!
You die...

▓▓▓▓▓▓▓▓▓▓▓▓▓
▓.8©8.▓.8©8.▓
▓.:}[.▓.....▓
▓...°.▓...=.▓
▓..°..▓.....▓
▓..○°.▓.....▓
▓.EhE.▓..©..▓
▓..@..▓▓▓▓▓▓▓
▓▓▓▓▓▓▓


You could see 2 fire elementals and a hell hound.

Vanquished Creatures
  2 jackals (D)
2 creatures vanquished.

Vanquished Creatures (others)
  A spatial maelstrom (D)
1 creature vanquished.

Grand Total: 3 creatures vanquished

Notes
Turn   | Place    | Note
-------+----------+-------------------------------------------
     0 | D        | Groucho the Halfling Wanderer began the quest for the Orb.
     0 | D        | Groucho set off with the following items: a +2 dagger, a
                  | scroll of fear, a +0 falchion, a potion of lignification, a
                  | +0 robe, a ration, a potion of curing, a potion of heal
                  | wounds, a potion of haste, 2 potions of magic, a potion of
                  | berserk rage, a scroll of blinking
     0 | D        | Reached XP level 1. HP: 14/14 MP: 1/1
    13 | D        | Found a shimmering blue altar of Sif Muna.
    13 | D        | Found a bloodstained altar of Trog.
    13 | D        | Found a sacrificial altar of Ru.
    13 | D        | Found a stormy altar of Qazlal.
    13 | D        | Found an iron altar of Okawaru.
    16 | D        | Found a sparkling altar of Nemelex Xobeh.
    17 | D        | Found the +6 Majin-Bo {vamp, Archmagi MP+6 Int+6}
    17 | D        | Found the +7 great mace "Firestarter" {inner flame, rF++}
    17 | D        | Found an ancient bone altar of Kikubaaqudgha.
    17 | D        | Found a corrupted altar of Lugonu.
    17 | D        | Found a transporter.
    17 | D        | Found a burning altar of Makhleb.
    17 | D        | Found a viscous altar of Jiyva.
    17 | D        | Found a hazy altar of Hepliaklqana.
    18 | D        | Banished a spatial maelstrom
    25 | D        | Found the +9 heavy crossbow "Sniper" {velocity, Acc+∞ SInv}
    25 | D        | Found the +10 dark maul {crush}
    25 | D        | Found the +15 Maxwell's patent armour {-Cast -Tele rElec
                  | MR+ rCorr}
    25 | D        | Found the +18 shield of the Gong {rElec rN+ MR+ EV-5}
    25 | D        | Found the cursed +14 obsidian axe {chop, +Fly SInv *Curse}
    27 | D        | Found the +6 shillelagh "Devastator" {shatter}
    27 | D        | Found the +11 plutonium sword {*Contam Stlth-}
    27 | D        | Found the +8 lance "Wyrmbane" {slay drac, rPois rF+ rC+
                  | AC+3}
    27 | D        | Found the +9 sword of Zonguldrok {reap}
    27 | D        | Found the cursed +13 scythe of Curses {drain, *Curse}
    27 | D        | Found the +0 sword of Power
    27 | D        | Found the +7 mace of Variability {chain chaos}
    27 | D        | Found the +7 Singing Sword {slice, sonic wave}
    27 | D        | Found the +8 storm bow {elec, penet}
    53 | D        | Found a blossoming altar of Fedhas.
    55 | D        | Found an opulent altar of Gozag.
    76 | D        | Became a worshipper of Qazlal Stormbringer
    89 | D        | Entered arena 2.
    89 | D        | Found a transporter.
    91 | D        | Reached skill level 1 in Slings
    91 | D        | Reached skill level 1 in Armour
    91 | D        | Reached skill level 1 in Shields
    91 | D        | Reached skill level 1 in Invocations
   104 | D        | Got the Guide on the Oath
   208 | D        | Entered arena 3.
   208 | D        | Noticed a fire elemental
   208 | D        | Noticed a hell hound
   208 | D        | Noticed a fire elemental
   208 | D        | Found a transporter.
   212 | D        | Slain by a fire elemental

Levels and vault maps discovered:
D:        sprint_v [room_start, room_1, room_2, room_3, room_4, room_5, room_6,
          room_7, room_8, room_9, room_10, room_11, room_12, room_13, room_14,
          room_15, room_16, room_17, room_18, room_19, room_20, room_21,
          room_22, room_23, room_24, room_25, room_26, room_27]

Skill      XL: |  1 |
---------------+----+-----
Fighting       | 2 |  2.1
Slings         | 1 |  1.4
Armour         | 1 |  1.0
Shields        | 1 |  1.0
Invocations    | 1 |  1.0
Long Blades    | |  1.0
Throwing       | |  1.0
Stealth        | |  2.1
Necromancy     | |  2.4
Evocations     | |  1.0

Action                   || total
-------------------------++-------
Melee: Shillelagh        ||     4
Armor: Plate armour      ||     3
Block: Shield            ||    10
